 Dungeon Crawl Stone Soup version 0.20.1-1-g8b1a95d66d (webtiles) character file.

249 Ikesh the Chopper (level 6, 0/56 HPs)
             Began as a Hill Orc Abyssal Knight on May 19, 2018.
             Was a Believer of Lugonu.
             Slain by Grinder (7 damage)
             ... while paralysed by Grinder
             ... on level 3 of the Dungeon.
             The game lasted 00:19:59 (4332 turns).

Ikesh the Chopper (Hill Orc Abyssal Knight)         Turns: 4332, Time: 00:20:00

Health: 0/56       AC:  8    Str: 17    XL:     6   Next: 12%
Magic:  8/8        EV:  2    Int: 12    God:    Lugonu [**....]
Gold:   171        SH:  0    Dex: 13    Spells: 1/5 levels left

rFire    . . .     SeeInvis .   a - +2 hand axe
rCold    . . .     Gourm    .   (no shield)
rNeg     . . .     Faith    .   d - +2 scale mail {rPois}
rPois    +         Spirit   .   (no helmet)
rElec    .         Reflect  .   (no cloak)
rCorr    .         Harm     .   (no gloves)
MR       .....                  (no boots)
Stlth    ..........             (no amulet)
Regen    0.2/turn               h - ring of poison resistance
MPRegen  0.2/turn               m - +3 ring of dexterity (curse)

@: paralysed
A: no striking features
a: Depart the Abyss, Bend Space, Renounce Religion


You were on level 3 of the Dungeon.
You worshipped Lugonu.
Lugonu was pleased with you.
You were not hungry.

You visited 1 branch of the dungeon, and saw 3 of its levels.
You visited the Abyss 1 time.

You collected 171 gold pieces.

Inventory:

Hand Weapons
 a - a +2 hand axe (weapon)
Armour
 b - a +1 leather armour
 d - a +2 scale mail of poison resistance (worn)
Jewellery
 h - a ring of poison resistance (left hand)
 m - a cursed +3 ring of dexterity (right hand)
Wands
 f - a wand of digging (2/24)
 o - a wand of confusion (40/48)
Scrolls
 g - a scroll of enchant armour
 j - 3 scrolls of identify
Potions
 e - a potion of brilliance
 t - a potion of curing
Books
 i - a book of Misfortune

   Spells                             Type                      Level
   a - Confusing Touch                Hexes                        1
   b - Confuse                        Hexes                        3
   c - Gell's Gravitas                Translocation                3
   d - Petrify                        Transmutation/Earth          4
   e - Metabolic Englaciation         Hexes/Ice                    5
   f - Yara's Violent Unravelling     Hexes/Transmutation          5
 k - a book of Fire

   Spells                             Type                      Level
   a - Ignite Poison                  Fire/Transmutation/Poison    3
   b - Fireball                       Conjuration/Fire             5
   c - Bolt of Fire                   Conjuration/Fire             6
   d - Ring of Flames                 Charms/Fire                  7
   e - Ignition                       Fire                         8
Comestibles
 l - a royal jelly


   Skills:
 + Level 5.0 Fighting
 + Level 5.4 Axes
 + Level 3.3 Armour
 + Level 1.7 Dodging
 + Level 0.6 Stealth
 + Level 2.7 Invocations


You had one spell level left.
You knew the following spells:

 Your Spells              Type           Power        Failure   Level  Hunger
a - Confusing Touch       Hex            #.....       73%         1    ##.....
b - Confuse               Hex            #.......     97%         3    ####...


Dungeon Overview and Level Annotations

Branches:
Dungeon (3/15)

Altars:

Annotations:
D:3 Grinder; epok's ghost, amateur HOMo


Message History

Grinder hits you but does no damage.
You closely miss Grinder.
Grinder is moderately wounded.
Grinder hits you.
* * * LOW HITPOINT WARNING * * *
You hit Grinder.
Grinder is moderately wounded.
You feel less wooden.
Your +2 scale mail of poison resistance unmelds from your body.
You feel resistant to poison.
Grinder blinks!
You closely miss Grinder.
Grinder is moderately wounded.
Grinder blinks!
You barely miss Grinder.
Grinder is moderately wounded.
Grinder gestures at you.
You suddenly lose the ability to move!
Grinder hits you but does no damage. Grinder hits you!
You die...

........#....#..##......)
........#...##.#.........
#..........##.#.........
#.........##..#>........
#.....###.#..##.........
###### #...............
#..#............
####..#....#.......
##5@................
#?.#................
###........#........
##.....#[#.##...%....
#.....##.).##........
#..######............
#..## ##.###........ ####
#..# #........ ##..#
#........


You could see Grinder.

Vanquished Creatures
  An orc priest (D:3)
  Ijyb (D:3)
  Terence (D:3)
  3 gnolls
  5 adders
  3 oozes
  A worm (D:2)
  2 dart slugs (D:2)
  A leopard gecko (D:1)
  4 orcs
  7 bats
  6 giant cockroaches
  6 goblins
  5 hobgoblins
  7 jackals
  5 frilled lizards
  7 kobolds
  10 rats
75 creatures vanquished.

Notes
Turn   | Place    | Note
-------+----------+-------------------------------------------
     0 | Abyss:1  | Ikesh the Hill Orc Abyssal Knight began the quest for the Orb.
     0 | Abyss:1  | Reached XP level 1. HP: 19/19 MP: 2/2
    20 | D:1      | Escaped the Abyss
   143 | D:1      | Reached XP level 2. HP: 27/27 MP: 3/3
   758 | D:1      | Reached XP level 3. HP: 31/34 MP: 4/4
   917 | D:1      | Reached ** piety under Lugonu
  1371 | D:2      | Reached skill level 1 in Dodging
  1585 | D:2      | Reached XP level 4. HP: 29/41 MP: 6/6
  2021 | D:3      | Noticed epok's ghost (amateur HOMo)
  2707 | D:3      | Reached XP level 5. HP: 34/47 MP: 7/7
  3069 | D:3      | Noticed Terence
  3162 | D:3      | Killed Terence
  3311 | D:3      | Noticed Ijyb
  3336 | D:2      | Learned a level 1 spell: Confusing Touch
  3340 | D:2      | Learned a level 3 spell: Confuse
  3420 | D:3      | Killed Ijyb
  3420 | D:3      | Reached skill level 5 in Axes
  3518 | D:3      | Reached skill level 5 in Fighting
  3518 | D:3      | Reached XP level 6. HP: 5/56 MP: 8/8
  4277 | D:3      | Noticed Grinder
  4298 | D:3      | Paralysed by Grinder for 3 turns
  4307 | D:3      | Paralysed by Grinder for 6 turns
  4318 | D:3      | Paralysed by Grinder for 7 turns
  4330 | D:3      | Paralysed by Grinder for 6 turns
  4332 | D:3      | Slain by Grinder

Skill      XL: |  1  2  3  4  5 |
---------------+----------------+-----
Fighting       | 4 5 |  5.0
Axes           | 3 4 5 |  5.4
Dodging        | 1 |  1.7
Armour         | 3 |  3.3
Stealth        | |  0.6
Invocations    | |  2.7

Action                   |  1- 3 |  4- 6 || total
-------------------------+-------+-------++-------
Melee: Hand axe          |   104 |   201 ||   305
  Use: Scroll            |       |     8 ||     8
       Potion            |       |     5 ||     5
 Stab: Sleeping          |     1 |     1 ||     2
  Eat: Bread ration      |     1 |     1 ||     2
       Chunk             |       |     6 ||     6
Armor: Leather armour    |    28 |    27 ||    55
       Scale mail        |       |    28 ||    28
       Skin              |       |     5 ||     5
Dodge: Dodged            |    67 |   108 ||   175
